 Dungeon Crawl Stone Soup version 0.26.1-11-gd32895ea62 (webtiles) character file.

Game seed: 10744260795088341886

851700 Pelzball the Impregnable (level 27, -8/228 HPs)
             Began as a Gnoll Hedge Wizard on July 24, 2021.
             Was the Champion of Vehumet.
             Killed from afar by Antaeus (53 damage)
             ... with a flash freeze
             ... on level 7 of Cocytus on Aug 6, 2021.
             The game lasted 10:24:20 (112024 turns).

Pelzball the Impregnable (Gnoll Hedge Wizard)     Turns: 112024, Time: 10:24:21

Health: -8/228     AC: 19    Str: 29    XL:     27
Magic:  48/48      EV: 32    Int: 31    God:    Vehumet [******]
Gold:   13078      SH: 19    Dex: 23    Spells: 9/69 levels left

rFire    . . .     SeeInvis +   a - +7 spear "Akathimo" {flame, rC+ Will+ Int+2}
rCold    + . .     Faith    .   x - +1 kite shield {rN+}
rNeg     + + .     Spirit   .   z - +1 robe "Iwodah" {Will+ Regen+ Str+7}
rPois    .         Reflect  .   K - +2 helmet
rElec    .         Harm     .   Q - +0 cloak {Will+}
rCorr    .         Rampage  .   b - +2 pair of gloves {Str+3}
Will     +++++                  R - +2 pair of boots {run}
Stlth    +++++++++.             Y - amulet "Yzehutem" {RegenMP rC- Will++ Dex+4}
HPRegen  0.88/turn              m - ring "Jessephe" {rN+ Int+3 Slay+3}
MPRegen  0.56/turn              c - ring "Qaz Tysa" {rC+ Str+3 Dex+4 SInv Stlth+}

@: about to teleport, studying Long Blades, quick
A: distributed training, fangs 1, strong nose
}: 5/15 runes: serpentine, barnacled, silver, obsidian, abyssal
a: Renounce Religion


You were on level 7 of Cocytus.
You worshipped Vehumet.
Vehumet was exalted by your worship.
You visited 15 branches of the dungeon, and saw 65 of its levels.
You visited the Abyss 6 times.
You visited 2 bazaars.
You also visited: Ice Cave and Wizlab.

You collected 13078 gold pieces.

Inventory:

Hand Weapons
 a - the +7 spear "Akathimo" (weapon) {flame, rC+ Will+ Int+2}
   (You found it on level 1 of the Shoals)

   It has been specially enchanted to burn those struck by it, causing extra
   injury to most foes and up to half again as much damage against particularly
   susceptible opponents.
   It affects your intelligence (+2).
   It protects you from cold.
   It affects your willpower, your defense against some magical effects.
Missiles
 y - 48 silver javelins
 M - 20 curare-tipped darts
Armour
 b - a +2 pair of gloves of strength (worn)
 x - a +1 kite shield of positive energy (worn)
 z - the +1 robe "Iwodah" (worn) {Will+ Regen+ Str+7}
   (You took it off a necromancer on level 7 of Gehenna)

   It affects your strength (+7).
   It affects your willpower, your defense against some magical effects.
   It increases your rate of regeneration.
 K - a +2 helmet (worn)
 Q - a +0 cloak of willpower (worn)
 R - a +2 pair of boots of running (worn)
Jewellery
 c - the ring "Qaz Tysa" (right hand) {rC+ Str+3 Dex+4 SInv Stlth+}
   (You took it off a yaktaur on level 1 of the Depths)

   [ring of stealth]

   It affects your strength (+3).
   It affects your dexterity (+4).
   It protects you from cold.
   It lets you see invisible.
   It makes you more stealthy.
 m - the ring "Jessephe" (left hand) {rN+ Int+3 Slay+3}
   (You found it on level 3 of the Elven Halls)

   [ring of positive energy]

   It affects your intelligence (+3).
   It affects your accuracy and damage with ranged weapons and melee attacks
   (+3).
   It protects you from negative energy.
 Y - the amulet "Yzehutem" (around neck) {RegenMP rC- Will++ Dex+4}
   (You found it on level 1 of the Orcish Mines)

   [amulet of magic regeneration]

   It increases your magic regeneration.
   It affects your dexterity (+4).
   It makes you vulnerable to cold.
   It affects your willpower, your defense against some magical effects.
Wands
 l - a wand of flame (222)
 E - a wand of disintegration (37)
 H - a wand of paralysis (70)
 O - a wand of iceblast (19)
 Z - a wand of acid (21)
Scrolls
 e - 25 scrolls of teleportation
 g - 2 scrolls of holy word
 i - 2 scrolls of remove curse
 n - 11 scrolls of magic mapping
 q - 13 scrolls of fear
 s - a scroll of amnesia
 t - a scroll of summoning
 C - 9 scrolls of blinking
 G - 23 scrolls of identify
 W - 4 scrolls of fog
Potions
 p - 3 potions of flight
 r - 16 potions of haste
 u - 4 potions of magic
 w - 20 potions of heal wounds
 B - 27 potions of curing
 I - 6 potions of cancellation
 J - a potion of brilliance
 T - 4 potions of resistance
Books
 A - a manual of Long Blades
Miscellaneous
 d - a phial of floods
 f - a tin of tremorstones (2/2)
 h - a lightning rod (4/4)
 o - the horn of Geryon
 N - a phantom mirror
 S - a box of beasts
 U - a condenser vane


   Skills:
 + Level 21.0 Fighting
 + Level 21.0 Short Blades
 + Level 23.6 Long Blades
 + Level 21.0 Axes
 + Level 21.0 Maces & Flails
 + Level 21.0 Polearms
 + Level 21.0 Staves
 + Level 21.0 Slings
 + Level 21.0 Bows
 + Level 21.0 Crossbows
 + Level 21.0 Throwing
 + Level 24.8 Armour
 + Level 21.3 Dodging
 + Level 21.2 Stealth
 + Level 21.0 Shields
 + Level 21.0 Unarmed Combat
 + Level 21.7 Spellcasting
 + Level 18.3 Conjurations
 + Level 18.2 Hexes
 + Level 18.3 Summonings
 + Level 18.2 Necromancy
 + Level 18.3 Translocations
 + Level 18.2 Transmutations
 + Level 18.2 Fire Magic
 + Level 18.2 Ice Magic
 + Level 18.2 Air Magic
 + Level 18.2 Earth Magic
 + Level 18.2 Poison Magic
 + Level 22.5 Invocations
 + Level 21.0 Evocations


You had 9 spell levels left.
You knew the following spells:

 Your Spells              Type           Power        Failure   Level
a - Iron Shot             Conj/Erth      49%          1%          6
b - Blink                 Tloc           N/A          0%          2
c - Spellforged Servitor  Conj/Summ      49%          1%          7
d - Iskenderun's Mystic   Conj/Tloc      99%          0%          4
e - Ozocubu's Refrigerat  Ice            49%          1%          6
g - Borgnjor's Vile Clut  Necr/Erth      49%          0%          5
i - Ignition              Fire           49%          1%          8
j - Orb of Destruction    Conj           49%          1%          7
k - Passwall              Tmut/Erth      81%          0%          2
l - Lee's Rapid Deconstr  Erth           49%          0%          5
n - Necromutation         Tmut/Necr      49%          3%          8

Your spell library contained the following spells:

 Spells                   Type           Power        Failure   Level
 Fire Storm               Conj/Fire      49%          16%         9
 Shatter                  Erth           49%          16%         9
 Animate Skeleton         Necr           100%         0%          1
 Apportation              Tloc           100%         0%          1
 Beastly Appendage        Tmut           100%         0%          1
 Corona                   Hex            100%         0%          1
 Foxfire                  Conj/Fire      100%         0%          1
 Freeze                   Ice            100%         0%          1
 Magic Dart               Conj           100%         0%          1
 Pain                     Necr           100%         0%          1
 Sandblast                Erth           100%         0%          1
 Shock                    Conj/Air       100%         0%          1
 Sting                    Tmut/Pois      100%         0%          1
 Summon Small Mammal      Summ           100%         0%          1
 Call Imp                 Summ           99%          0%          2
 Corpse Rot               Necr/Air       N/A          0%          2
 Ensorcelled Hibernation  Hex/Ice        100%         0%          2
 Poisonous Vapours        Pois/Air       100%         0%          2
 Searing Ray              Conj           100%         0%          2
 Slow                     Hex            98%          0%          2
 Sublimation of Blood     Necr           49%          0%          2
 Swiftness                Air            98%          0%          2
 Wereblood                Tmut           98%          0%          2
 Call Canine Familiar     Summ           99%          0%          3
 Confusing Touch          Hex            98%          0%          3
 Conjure Flame            Conj/Fire      98%          0%          3
 Dazzling Flash           Conj/Hex       100%         0%          3
 Frozen Ramparts          Ice            100%         0%          3
 Gell's Gravitas          Tloc           49%          0%          3
 Ignite Poison            Fire/Tmut/Pois 98%          0%          3
 Inner Flame              Hex/Fire       98%          0%          3
 Lesser Beckoning         Tloc           49%          0%          3
 Mephitic Cloud           Conj/Pois/Air  98%          0%          3
 Ozocubu's Armour         Ice            98%          0%          3
 Portal Projectile        Hex/Tloc       100%         0%          3
 Spider Form              Tmut/Pois      49%          0%          3
 Static Discharge         Conj/Air       98%          0%          3
 Stone Arrow              Conj/Erth      100%         0%          3
 Summon Guardian Golem    Hex/Summ       98%          0%          3
 Teleport Other           Tloc           99%          0%          3
 Tukima's Dance           Hex            98%          0%          3
 Vampiric Draining        Necr           49%          0%          3
 Airstrike                Air            49%          0%          4
 Animate Dead             Necr           49%          0%          4
 Cause Fear               Hex            49%          0%          4
 Dispel Undead            Necr           98%          0%          4
 Fulminant Prism          Conj/Hex       49%          0%          4
 Hailstorm                Conj/Ice       98%          0%          4
 Ice Form                 Ice/Tmut       98%          0%          4
 Leda's Liquefaction      Hex/Erth       49%          0%          4
 Olgreb's Toxic Radiance  Pois           98%          0%          4
 Passage of Golubria      Tloc           N/A          0%          4
 Petrify                  Tmut/Erth      98%          0%          4
 Summon Ice Beast         Ice/Summ       98%          0%          4
 Summon Lightning Spire   Summ/Air       98%          0%          4
 Agony                    Necr           98%          0%          5
 Alistair's Intoxication  Tmut/Pois      65%          0%          5
 Blade Hands              Tmut           49%          0%          5
 Bolt of Magma            Conj/Fire/Erth 49%          0%          5
 Excruciating Wounds      Necr           49%          0%          5
 Fireball                 Conj/Fire      49%          0%          5
 Iskenderun's Battlesphe  Conj           99%          0%          5
 Lightning Bolt           Conj/Air       49%          0%          5
 Metabolic Englaciation   Hex/Ice        49%          0%          5
 Silence                  Hex/Air        49%          0%          5
 Summon Demon             Summ           49%          0%          5
 Summon Forest            Summ/Tloc      49%          0%          5
 Summon Mana Viper        Hex/Summ       98%          0%          5
 Yara's Violent Unravell  Hex/Tmut       49%          0%          5
 Conjure Ball Lightning   Conj/Air       49%          1%          6
 Death Channel            Necr           49%          1%          6
 Eringya's Noxious Bog    Tmut/Pois      49%          1%          6
 Freezing Cloud           Conj/Ice/Air   49%          1%          6
 Hydra Form               Tmut           49%          1%          6
 Invisibility             Hex            98%          1%          6
 Shadow Creatures         Summ           N/A          1%          6
 Simulacrum               Ice/Necr       49%          1%          6
 Statue Form              Tmut/Erth      65%          1%          6
 Dragon Form              Tmut           49%          1%          7
 Haunt                    Necr/Summ      49%          1%          7
 Malign Gateway           Summ/Tloc      49%          1%          7
 Monstrous Menagerie      Summ           49%          1%          7
 Summon Greater Demon     Summ           49%          1%          7
 Summon Hydra             Summ           49%          1%          7
 Borgnjor's Revivificati  Necr           49%          3%          8
 Infestation              Necr           49%          3%          8
 Summon Horrible Things   Summ           49%          3%          8
 Tornado                  Air            49%          16%         9
 Dragon's Call            Summ           49%          47%         9
 Death's Door             Necr           49%          50%         9


Dungeon Overview and Level Annotations

Branches:
Dungeon (15/15)            Temple (1/1) D:6            Lair (6/6) D:11
 Shoals (4/4) Lair:2        Snake (4/4) Lair:3        Slime (0/5) Lair:5
    Orc (2/2) D:12            Elf (3/3) Orc:2        Vaults (5/5) D:14
  Crypt (3/3) Vaults:3       Tomb (1/3) Crypt:3      Depths (5/5) D:15
   Hell (visited)             Dis (0/7) Hell            Geh (7/7) Hell
    Coc (7/7) Hell            Tar (0/7) Hell            Zot (1/5) Depths:5
  IceCv (visited)          WizLab (visited)

Altars:
Ashenzari
Cheibriados
Dithmenos
Elyvilon
Kikubaaqudgha
Makhleb
Nemelex Xobeh
Okawaru
Qazlal
Ru
Vehumet
Wu Jian
Xom
Yredelemnul
Zin
Beogh
Jiyva
Lugonu

Shops:
D:4 :   D:7 (   D:10 [   D:15 *   Orc:2 (*([   Elf:2 :   Elf:3 ?   Shoals:2 (
Shoals:3 [   Snake:3 *=   Snake:4 =   Vaults:1 }   Vaults:2 ?   Vaults:3 =
Vaults:5 (   Depths:2 [   Depths:5 }=}

Portals:
Hell: Lair:6 Depths:1 Depths:2 Depths:3 Depths:4 Depths:5
Abyss: Depths:1 Depths:3 Depths:4
Pandemonium: Depths:3
Ziggurat: Depths:3

Annotations:
Coc:7 Antaeus


Innate Abilities, Weirdness & Mutations

Your experience applies equally to all skills.
You have very sharp teeth.
Your uncanny sense of smell can sniff out nearby items.


Message History

Your body is wracked with pain!
The zombie hands constrict the Ice Fiend!!!
The Ice Fiend gestures at you. The bolt of cold hits you! You resist.
The Ice Fiend struggles to escape constriction.
Unknown command.
As you read the scroll of teleportation, it crumbles to dust.
You feel strangely unstable.
You are engulfed in freezing vapours.
You resist.
The zombie hands constrict the Ice Fiend!!
The zombie hands release their grip on the Ice Fiend.
Antaeus gestures at you. The bolt of lightning misses you.
Antaeus gestures at you. The bolt of lightning misses you.
The Ice Fiend calls on the powers of darkness!
Your body is wracked with pain!
* * * LOW HITPOINT WARNING * * *
Antaeus gestures at you. The flash freeze hits you!!! You partially resist.
You die...

..≈≈≈≈≈#
#≈≈≈≈≈≈≈≈≈≈≈###≈≈≈≈≈≈≈≈≈
...≈≈≈≈#
#≈≈≈≈≈≈≈≈≈≈≈###≈≈≈≈≈≈≈≈≈
...≈≈≈≈#
#≈≈≈≈≈.≈≈≈≈≈###≈≈≈≈≈≈≈≈≈
...≈≈≈≈#
#≈≈≈≈...≈≈≈≈###≈≈≈≈≈≈≈≈≈
...≈≈≈≈#
#≈≈≈≈....≈≈≈###≈≈≈≈≈≈≈≈≈
≈.≈≈≈≈≈#
#≈≈≈≈....≈≈≈###≈≈≈≈≈≈≈≈≈
≈≈≈≈≈≈≈#
#≈≈≈≈≈...≈≈≈###≈≈≈≈≈≈≈≈≈
≈≈≈≈≈≈≈#
#≈≈≈≈≈....≈≈###≈≈≈≈≈≈≈≈≈
≈≈≈≈≈≈≈#
#≈≈≈≈≈.@..≈≈####≈≈≈≈≈≈≈≈
≈≈≈≈≈≈##
##≈≈≈≈≈..≈≈≈####≈≈≈≈≈≈≈≈
≈≈≈≈≈≈#
#≈≈≈≈≈≈≈≈≈≈####≈≈≈≈≈≈≈≈
≈≈≈≈≈≈#
#≈≈≈≈≈≈≈≈≈≈####≈≈≈≈≈≈≈≈
≈≈≈≈≈≈#
#≈≈≈≈≈≈≈≈≈≈####≈≈≈≈≈≈≈≈
≈≈≈≈≈≈#
#≈≈≈≈≈1≈≈≈≈####≈≈≈≈≈≈≈≈
≈≈≈≈≈≈#
#≈≈≈≈≈≈≈≈≈≈####≈≈≈≈≈≈≈≈
≈≈≈≈≈≈#
##≈≈≈≈C1≈≈≈≈####≈≈≈≈≈≈≈≈
≈≈≈≈≈≈#
#≈≈≈≈≈≈)≈≈≈≈####≈≈≈≈≈≈≈≈


You could see Antaeus and 2 Ice Fiends.

Vanquished Creatures
  9 ancient liches
  Mara (Vaults:2)
  Sojobo (Crypt:2)
  A royal mummy (Tomb:1)
  Bai Suzhen (Shoals:4)
  Margery (Vaults:3)
  14 shard shrikes
  Saint Roka (Depths:2)
  Xtahua (Vaults:4)
  7 caustic shrikes (Depths:5)
  Geryon (Hell)
  2 golden dragons
  Nikola (Vaults:3)
  5 bone dragons
  20 Brimstone Fiends
  10 liches
  A Cloud Mage (WizLab)
  9 Ice Fiends
  3 tentacled monstrosities
  4 titans
  A shard shrike skeleton (Crypt:1)
  A deep elf master archer (Elf:3)
  2 deep elf blademasters (Elf:3)
  2 quicksilver dragons
  12 sphinxes
  Frances (Snake:1)
  2 krakens
  9 ancient champions
  Kirke (Lair:4)
  18 tentacled starspawn
  Roxanne (D:14)
  3 storm dragons
  Donald (Vaults:1)
  4 revenants
  9 shadow dragons
  10 tengu reavers
  Agnes (D:14)
  9 deep elf sorcerers
  10 nagarajas
  2 orc warlords (Orc:2)
  16 frost giants
  19 fire giants
  2 iron dragons
  18 balrugs
  A draconian shifter (Depths:5)
  A caustic shrike zombie (Depths:3)
  19 vault wardens
  Aizul (Snake:3)
  A cacodemon (Abyss:1)
  15 ghouls
  6 deep elf elementalists
  A curse skull (Crypt:1)
  3 spriggan defenders
  16 ironheart preservers
  31 very ugly things
  2 elemental wellsprings (Coc:7)
  21 reapers
  7 war gargoyles
  3 green draconians
  27 stone giants
  11 vampire knights
  10 deep elf demonologists
  10 deep elf annihilators
  2 entropy weavers
  8 spark wasps
  A yellow draconian (Depths:5)
  4 crystal guardians
  A spark wasp (shapeshifter) (Vaults:5)
  The ghost of RepoMan the Transmogrifier, a journeyman OpTm of Gozag (Orc:1)
  2 purple draconians
  22 blizzard demons
  An eleionoma (shapeshifter) (Depths:1)
  10 merfolk impalers
  3 merfolk javelineers (Shoals:4)
  An eleionoma (Abyss:3)
  10 deep elf death magi
  3 quicksilver dragon zombies
  4 eidola
  4 deep elf high priests (Elf:3)
  30 ettins
  15 yaktaur captains
  2 green deaths
  20 jiangshi
  6 mummy priests (Tomb:1)
  2 kraken zombies
  11 ogre magi
  A hell beast (Lair:6)
  15 naga warriors
  13 fire dragons
  23 ice dragons
  Erolcha (D:11)
  10 great orbs of eyes
  A great orb of eyes (shapeshifter) (Elf:3)
  Fannar (D:11)
  6 rakshasas
  5 quicksilver dragon skeletons
  45 vault guards
  7 spriggan air magi
  2 ghost crabs (WizLab)
  6 hydras
  8 boulder beetles
  11 centaur warriors
  An anaconda (shapeshifter) (Vaults:5)
  5 alligator snapping turtles (Shoals:4)
  3 merfolk avatars
  7 anacondas
  17 two-headed ogres
  35 dancing weapons
  An alligator (Abyss:3)
  5 merfolk aquamancers (Shoals:4)
  9 death knights
  4 satyrs
  6 death yaks (Lair:6)
  11 deep troll earth magi
  18 deep troll shamans
  6 tengu warriors
  27 hell hogs
  5 orc high priests
  3 titan zombies
  20 thrashing horrors
  25 naga sharpshooters
  5 shock serpents
  21 sun demons
  Sonja (Lair:3)
  12 vampire magi
  A spriggan (Depths:5)
  7 spriggan berserkers
  2 titan skeletons
  66 hell knights
  9 wretched stars
  21 deep elf knights
  5 storm dragon zombies
  4 shadow wraiths
  A fire crab (Lair:6)
  6 spatial maelstroms
  A fire crab (shapeshifter) (Abyss:2)
  6 soul eaters
  2 golden dragon zombies
  28 large abominations
  6 sixfirhies
  6 storm dragon skeletons
  2 salamander mystics (Snake:4)
  14 sea snakes
  A deep troll (shapeshifter) (Vaults:5)
  89 skeletal warriors
  3 iron trolls
  2 unseen horrors (shapeshifter)
  10 starcursed masses
  3 unseen horrors
  8 glowing orange brains
  A swamp dragon (Vaults:1)
  40 deep trolls
  16 flayed ghosts
  5 death drakes (WizLab)
  4 wizards
  11 anaconda zombies
  10 naga ritualists
  12 phantasmal warriors
  3 wolf spider zombies
  A kraken simulacrum (Coc:1)
  13 bog bodies
  7 shadow dragon zombies
  A glowing orange brain (shapeshifter) (Vaults:5)
  A lindwurm (shapeshifter) (Vaults:5)
  A torturous demonspawn (Depths:3)
  3 anaconda skeletons
  The ghost of Almogavar the Carver, a novice MiBe of Trog (D:6)
  15 orc knights
  26 deep elf archers
  A harpy (shapeshifter) (Depths:3)
  15 ironbrand convokers
  28 necromancers
  42 harpies
  5 orc sorcerers
  20 mana vipers
  An orb spider (Abyss:3)
  11 shadow dragon skeletons
  6 iron dragon zombies
  66 deep elf magi
  32 ugly things
  3 wolf spiders
  A goliath frog zombie (Crypt:1)
  13 fauns
  A cyclops (shapeshifter) (Depths:3)
  15 manticores
  7 frost giant zombies
  3 oklob plants
  9 fire giant zombies
  2 will-o-the-wisps (Abyss:3)
  8 worldbinders
  8 stone giant zombies
  10 cyclopes
  11 fire giant skeletons
  6 salamanders
  A manticore (shapeshifter) (Depths:4)
  11 guardian serpents
  27 black mambas
  A dire elephant zombie (Geh:5)
  2 shock serpent zombies
  12 merfolk sirens
  An iron dragon skeleton (Coc:7)
  2 moths of wrath
  17 naga magi
  5 rust devils
  10 stone giant skeletons
  A spriggan zombie (Depths:3)
  6 frost giant skeletons
  2 molten gargoyles
  2 cane toads
  2 ice statues
  6 apocalypse crabs
  28 smoke demons
  5 spectral swamp worms (Depths:4)
  3 orange demons
  5 elephants (Lair:3)
  8 water nymphs
  9 vault sentinels
  2 gargoyles
  7 swamp worm zombies (Crypt:2)
  21 hellions
  14 efreet
  An emperor scorpion zombie (Geh:2)
  17 rime drakes
  A shock serpent skeleton (Crypt:2)
  34 freezing wraiths
  10 komodo dragons
  50 yaktaurs
  A kobold demonologist (Depths:1)
  A death yak zombie (Crypt:1)
  A purple draconian zombie (Crypt:2)
  A grey draconian zombie (Crypt:2)
  23 tormentors
  5 tengu conjurers
  An anaconda simulacrum (Coc:5)
  10 guardian mummies (Tomb:1)
  3 catoblepas skeletons
  13 red devils
  35 ice devils
  2 hellwings
  A silent spectre (Abyss:3)
  A death drake zombie (Crypt:1)
  27 merfolk
  12 ancient zymes
  17 polar bears
  9 trolls
  A harpy zombie (Coc:7)
  8 hornets
  The ghost of Sensen the Grasshopper, an amateur GnWr of Elyvilon (D:4)
  5 harpy skeletons
  A moth of wrath zombie (Crypt:2)
  20 hydra zombies
  5 fire dragon zombies
  6 ettin zombies
  22 slime creatures
  14 blink frogs
  A fire giant simulacrum (Coc:7)
  13 hydra skeletons
  A blink frog (shapeshifter) (Vaults:5)
  9 wind drakes
  13 alligator zombies
  13 snapping turtles
  A stone giant simulacrum (Vaults:3)
  9 dream sheep (Shoals:3)
  14 raiju
  5 ice dragon zombies
  Sigmund (D:3)
  A black mamba zombie (Coc:7)
  16 air elementals
  A redback (shapeshifter) (Depths:3)
  4 ynoxinuls
  3 alligator skeletons
  115 flying skulls
  13 shadows
  4 redbacks
  6 ice dragon skeletons
  2 tarantellas (shapeshifter) (Depths:1)
  2 wyverns
  2 fire dragon skeletons
  2 ushabtiu (Tomb:1)
  A fire bat (shapeshifter) (Vaults:3)
  2 humans (shapeshifter)
  3 vampires
  22 water elementals
  37 wraiths
  4 black mamba skeletons
  A yak (shapeshifter) (Vaults:1)
  4 basilisks
  21 fire elementals
  4 ettin skeletons
  11 steam dragons
  55 yaks
  9 chaos spawn
  An emperor scorpion simulacrum (Coc:7)
  2 neqoxecs
  7 hogs (Lair:4)
  4 vampire mosquitoes
  A steam dragon (shapeshifter) (Depths:1)
  A basilisk (shapeshifter) (Depths:2)
  2 spatial vortices
  9 wargs
  5 cane toad zombies
  77 nagas
  Edmund (D:6)
  2 soldier ants
  3 acid dragons
  A wind drake skeleton (Crypt:2)
  7 water moccasins
  2 floating eyes
  A faun skeleton (Crypt:2)
  29 hell hounds
  Duvessa (D:7)
  A floating eye (shapeshifter) (Vaults:5)
  4 snapping turtle zombies
  A boulder beetle simulacrum (Vaults:2)
  39 orc warriors
  20 ice beasts
  4 sky beasts
  6 cane toad skeletons
  30 small abominations
  3 manticore zombies
  7 necrophages
  3 eyes of draining
  31 ogres
  2 black bears (shapeshifter)
  2 black bears
  An eye of draining (shapeshifter) (Vaults:4)
  8 phantoms
  16 wolves
  7 boggarts
  15 centaurs
  4 manticore skeletons
  2 swamp dragon skeletons
  3 snapping turtle skeletons
  4 big kobolds
  2 elf zombies
  A wyvern zombie (D:11)
  5 earth elementals
  An elf skeleton (Coc:7)
  A palentonga skeleton (Crypt:1)
  18 bullfrogs
  2 cane toad simulacra
  2 wyvern skeletons
  5 scorpions
  Dowan (D:7)
  10 killer bees
  A swamp dragon simulacrum (Crypt:1)
  36 wights
  A water moccasin skeleton (D:8)
  A howler monkey (D:6)
  2 electric eels (D:8)
  A crimson imp (Abyss:2)
  2 bullfrog zombies
  12 hounds
  A human zombie (Geh:6)
  9 quasits
  Crazy Yiuf (D:2)
  A black bear zombie (Crypt:2)
  4 centaur zombies
  30 orc priests
  7 jellies
  20 orc wizards
  3 bullfrog skeletons
  5 iguanas
  3 iron imps
  Jessica (D:2)
  Natasha (thrice) (D:2)
  Ijyb (D:5)
  Terence (D:2)
  A demonspawn skeleton (Crypt:2)
  5 hell rats (Hell)
  12 worker ants
  A naga skeleton (Crypt:2)
  A tengu skeleton (Tomb:1)
  A hound skeleton (D:10)
  29 mummies
  10 gnolls
  13 adders
  A shadow imp (D:5)
  40 white imps
  5 ufetubi
  13 oozes
  A halfling zombie (Crypt:1)
  2 adder skeletons
  3 worms
  A dart slug (D:1)
  2 leopard geckos
  86 orcs
  5 giant cockroaches
  12 goblins
  6 hobgoblins
  3 jackals (D:1)
  9 quokkas
  6 ball pythons
  3 bats
  3 frilled lizards
  A gnoll skeleton (Crypt:1)
  16 kobolds
  A kobold skeleton (Crypt:1)
  An orc skeleton (Geh:5)
  A quokka skeleton (D:6)
  A quokka zombie (D:6)
  3 rats
  2 crawling corpses (Elf:3)
  18 fire vortices (Geh:7)
  2 lurking horrors
  7 starspawn tentacles (Abyss:1)
  6 tentacles
3686 creatures vanquished.

Vanquished Creatures (collateral kills)
  Asmodeus (Geh:7)
  Mennas (Depths:3)
  The ghost of Paofe the Victor of a Thousand Battles, a veteran GnFi of Okawaru (Depths:3)
  A caustic shrike (Depths:5)
  A Brimstone Fiend (Geh:7)
  A stone giant (Depths:3)
  A very ugly thing (Vaults:5)
  A spark wasp (WizLab)
  Josephine (D:11)
  The ghost of NoiZ the Blocker, a journeyman MiFi of Okawaru (D:13)
  3 hydras
  A ghost crab (WizLab)
  A death yak (Lair:6)
  A skeletal warrior (Hell)
  2 death drakes (WizLab)
  An orc knight (Orc:1)
  An ugly thing (D:12)
  4 black mambas
  13 cane toads
  An orange demon (Lair:6)
  A smoke demon (Lair:6)
  2 komodo dragons (Lair:5)
  2 ice devils (Lair:6)
  A red devil (Lair:6)
  3 blink frogs (Lair:6)
  2 merfolk (Shoals:4)
  An air elemental (WizLab)
  3 wraiths (D:11)
  5 water moccasins
  3 hell hounds
  A worker ant (D:6)
  A quokka (D:6)
63 creatures vanquished.

Vanquished Creatures (others)
  A caustic shrike (Depths:5)
  A fire giant (Depths:1)
  An elemental wellspring (Coc:7)
  2 hell hogs
  A large abomination (Abyss:3)
  A flying skull (Coc:7)
  A boggart (Depths:1)
  A small abomination (Abyss:3)
  An electric eel (D:8)
  A hell rat (Hell)
  A gnoll (D:8)
  A leopard gecko (D:7)
  3 foxfires (Abyss:3)
  39 fungi
  2 lurking horrors (Abyss:3)
  176 plants
  29 starspawn tentacles
  14 tentacles
  8 toadstools (D:2)
284 creatures vanquished.

Grand Total: 4033 creatures vanquished

Notes
Turn   | Place    | Note
-------+----------+-------------------------------------------
     0 | D:1      | Pelzball the Gnoll Hedge Wizard began the quest for the
                  | Orb.
     0 | D:1      | Reached XP level 1. HP: 13/13 MP: 8/8
   418 | D:1      | Reached XP level 2. HP: 18/19 MP: 8/10
   421 | D:1      | Learned a level 2 spell: Blink
  1231 | D:2      | Noticed Jessica
  1235 | D:2      | Killed Jessica
  1236 | D:2      | Reached skill level 1 in Invocations
  1236 | D:2      | Reached XP level 3. HP: 25/25 MP: 11/11
  1308 | D:2      | Noticed Natasha
  1317 | D:2      | Killed Natasha
  1318 | D:2      | Reached skill level 1 in Fighting
  1318 | D:2      | Reached skill level 1 in Short Blades
  1318 | D:2      | Reached skill level 1 in Long Blades
  1318 | D:2      | Reached skill level 1 in Axes
  1318 | D:2      | Reached skill level 1 in Maces & Flails
  1318 | D:2      | Reached skill level 1 in Polearms
  1318 | D:2      | Reached skill level 1 in Staves
  1318 | D:2      | Reached skill level 1 in Slings
  1318 | D:2      | Reached skill level 1 in Bows
  1318 | D:2      | Reached skill level 1 in Crossbows
  1318 | D:2      | Reached skill level 1 in Throwing
  1318 | D:2      | Reached skill level 1 in Armour
  1318 | D:2      | Reached skill level 1 in Shields
  1318 | D:2      | Reached skill level 1 in Unarmed Combat
  1318 | D:2      | Reached skill level 1 in Evocations
  1318 | D:2      | Reached XP level 4. HP: 28/32 MP: 9/13
  1406 | D:2      | Noticed Terence
  1488 | D:2      | Learned a level 3 spell: Mephitic Cloud
  1631 | D:2      | Reached skill level 1 in Hexes
  1631 | D:2      | Reached skill level 1 in Necromancy
  1631 | D:2      | Reached skill level 1 in Transmutations
  1631 | D:2      | Reached skill level 1 in Fire Magic
  1631 | D:2      | Reached skill level 1 in Ice Magic
  1631 | D:2      | Reached skill level 1 in Air Magic
  1631 | D:2      | Reached skill level 1 in Earth Magic
  1631 | D:2      | Reached skill level 1 in Poison Magic
  1983 | D:2      | Reached XP level 5. HP: 37/37 MP: 7/14
  2006 | D:2      | Noticed Natasha
  2020 | D:2      | Killed Natasha
  2349 | D:2      | Killed Terence
  2350 | D:2      | Reached XP level 6. HP: 24/44 MP: 1/16
  2495 | D:2      | Noticed Natasha
  2503 | D:2      | Killed Natasha
  2853 | D:2      | Found a runed translucent door.
  2854 | D:2      | Noticed Crazy Yiuf
  2862 | D:2      | Killed Crazy Yiuf
  2863 | D:2      | Reached skill level 2 in Armour
  2863 | D:2      | Reached skill level 5 in Dodging
  3294 | D:3      | Noticed Sigmund
  3714 | D:3      | Killed Sigmund
  3715 | D:3      | Reached XP level 7. HP: 49/51 MP: 4/18
  4018 | D:4      | Found a sparkling altar of Nemelex Xobeh.
  4147 | D:4      | Reached skill level 5 in Stealth
  4246 | D:4      | Found Faewehent's Book Shoppe.
  4267 | D:4      | Found a large runed translucent door.
  4271 | D:4      | Found a large runed translucent door.
  4470 | D:4      | Noticed Sensen's ghost (amateur GnWr)
  5073 | D:5      | Entered Level 5 of the Dungeon
  5076 | D:5      | Noticed Ijyb
  5082 | D:5      | Killed Ijyb
  5116 | D:5      | Reached XP level 8. HP: 38/57 MP: 7/19
  5131 | D:5      | Reached skill level 3 in Armour
  6316 | D:6      | Noticed Edmund
  6350 | D:6      | Killed Edmund
  6853 | D:6      | Noticed Almogavar's ghost (novice MiBe)
  6856 | D:6      | Found a runed translucent gate.
  6856 | D:6      | Found a runed translucent gate.
  6856 | D:6      | Found a runed translucent gate.
  6859 | D:6      | Found a staircase to the Ecumenical Temple.
  6869 | Temple   | Entered the Ecumenical Temple
  6874 | Temple   | Became a worshipper of Vehumet
  6915 | D:6      | Reached XP level 9. HP: 65/65 MP: 7/21
  7210 | D:6      | Reached skill level 4 in Armour
  7685 | D:7      | Noticed Dowan
  7685 | D:7      | Noticed Duvessa
  7696 | D:7      | Killed Dowan
  7717 | D:7      | Killed Duvessa
  7816 | D:7      | Found Heegadi's Weapon Emporium.
  8106 | D:7      | Noticed a deep elf mage
  8131 | D:6      | Reached * piety under Vehumet
  8131 | D:6      | Offered knowledge of Shock by Vehumet.
  8279 | D:7      | Killed a deep elf mage
  8280 | D:7      | Reached skill level 5 in Invocations
  8454 | D:7      | Found a burning altar of Makhleb.
  8884 | D:8      | Reached XP level 10. HP: 69/73 MP: 22/22
  8955 | D:8      | Noticed a boulder beetle
  8981 | D:8      | Killed a boulder beetle
  8982 | D:8      | Reached skill level 5 in Fighting
  8982 | D:8      | Reached skill level 5 in Short Blades
  8982 | D:8      | Reached skill level 5 in Long Blades
  8982 | D:8      | Reached skill level 5 in Axes
  8982 | D:8      | Reached skill level 5 in Maces & Flails
  8982 | D:8      | Reached skill level 5 in Polearms
  8982 | D:8      | Reached skill level 5 in Staves
  8982 | D:8      | Reached skill level 5 in Slings
  8982 | D:8      | Reached skill level 5 in Bows
  8982 | D:8      | Reached skill level 5 in Crossbows
  8982 | D:8      | Reached skill level 5 in Throwing
  8982 | D:8      | Reached skill level 5 in Armour
  8982 | D:8      | Reached skill level 5 in Shields
  8982 | D:8      | Reached skill level 5 in Unarmed Combat
  8982 | D:8      | Reached skill level 5 in Evocations
  9017 | D:8      | Learned a level 3 spell: Ignite Poison
  9022 | D:8      | Learned a level 4 spell: Olgreb's Toxic Radiance
  9669 | D:8      | Found an iron altar of Okawaru.
  9676 | D:8      | Found a sacrificial altar of Ru.
  9680 | D:8      | Found a glowing silver altar of Zin.
  9746 | D:8      | Found a shadowy altar of Dithmenos.
  9748 | D:8      | Found a white marble altar of Elyvilon.
 10048 | D:9      | Found a snail-covered altar of Cheibriados.
 10050 | D:9      | Found a broken altar of Ashenzari.
 10087 | D:9      | Found a stormy altar of Qazlal.
 10221 | D:9      | Reached skill level 5 in Conjurations
 10221 | D:9      | Reached skill level 5 in Summonings
 10221 | D:9      | Reached skill level 5 in Translocations
 10987 | D:10     | Entered Level 10 of the Dungeon
 11457 | D:10     | Offered knowledge of Sandblast by Vehumet.
 11458 | D:10     | Reached ** piety under Vehumet
 11459 | D:10     | Reached XP level 11. HP: 81/81 MP: 14/24
 11468 | D:10     | Learned a level 4 spell: Summon Lightning Spire
 12261 | D:10     | Reached skill level 6 in Armour
 12261 | D:10     | Reached skill level 5 in Hexes
 12261 | D:10     | Reached skill level 5 in Necromancy
 12261 | D:10     | Reached skill level 5 in Transmutations
 12261 | D:10     | Reached skill level 5 in Fire Magic
 12261 | D:10     | Reached skill level 5 in Ice Magic
 12261 | D:10     | Reached skill level 5 in Air Magic
 12261 | D:10     | Reached skill level 5 in Earth Magic
 12261 | D:10     | Reached skill level 5 in Poison Magic
 12314 | D:10     | Found Zilitz's Armour Boutique.
 12531 | D:11     | Noticed a brown ugly thing
 12547 | D:11     | Killed a brown ugly thing
 12636 | D:11     | Found a staircase to the Lair.
 12636 | D:11     | Noticed an oklob plant
 12700 | D:11     | Offered knowledge of Dazzling Flash by Vehumet.
 12731 | D:11     | Noticed Josephine
 12748 | D:11     | Noticed a two-headed ogre
 12750 | D:11     | Killed Josephine
 12755 | D:11     | Killed a two-headed ogre
 12901 | D:11     | Reached *** piety under Vehumet
 13159 | D:11     | Noticed Fannar
 13165 | D:11     | Noticed Erolcha
 13169 | D:11     | Killed Erolcha
 13172 | D:11     | Killed Fannar
 13727 | D:11     | Killed an oklob plant
 13856 | Lair:1   | Entered Level 1 of the Lair of Beasts
 13925 | Lair:1   | Reached XP level 12. HP: 73/89 MP: 16/25
 14259 | Lair:1   | Got a glittering lead ring
 14261 | Lair:1   | Identified the ring of Xom's Best Wishes {rElec MP-9 Str+3
                  | Dex+6 Stlth+} (You found it on level 1 of the Lair of
                  | Beasts)
 14571 | Lair:1   | Reached skill level 10 in Spellcasting
 15002 | Lair:2   | Reached skill level 7 in Armour
 15609 | Lair:2   | Found a staircase to the Shoals.
 15613 | Lair:2   | Offered knowledge of Hailstorm by Vehumet.
 15946 | Lair:2   | Noticed a five-headed hydra
 15980 | Lair:2   | Killed a five-headed hydra
 16522 | Lair:3   | Noticed a boulder beetle
 16535 | Lair:3   | Killed a boulder beetle
 16807 | Lair:3   | Noticed Sonja
 16865 | Lair:3   | Found a staircase to the Snake Pit.
 16965 | Lair:3   | Killed Sonja
 16966 | Lair:3   | Reached XP level 13. HP: 86/98 MP: 18/27
 17666 | Lair:3   | Reached skill level 8 in Armour
 17694 | Lair:3   | Reached **** piety under Vehumet
 18859 | Lair:4   | Identified the +5 dagger of Uskayaw's Benevolence {freeze,
                  | +Rage +Fly rF++ Str-2}
 18859 | Lair:4   | Noticed Kirke
 18863 | Lair:4   | Noticed a sphinx
 18863 | Lair:4   | Offered knowledge of Irradiate by Vehumet.
 18868 | Lair:4   | Noticed a sphinx
 19250 | Lair:4   | Killed Kirke
 21311 | Lair:5   | Found a runed translucent door.
 21312 | Lair:5   | Found a viscous altar of Jiyva.
 21312 | Lair:5   | Found a staircase to the Slime Pits.
 21993 | D:4      | Killed Sensen's ghost
 22099 | D:6      | Killed Almogavar's ghost
 22308 | Lair:6   | Entered Level 6 of the Lair of Beasts
 22447 | Lair:6   | Reached XP level 14. HP: 106/106 MP: 13/29
 22462 | Lair:6   | Reached skill level 10 in Dodging
 22531 | Lair:6   | Reached skill level 9 in Armour
 22750 | Lair:6   | Reached skill level 10 in Stealth
 23142 | Lair:6   | Reached skill level 10 in Invocations
 23193 | Lair:6   | Reached ***** piety under Vehumet
 23734 | Lair:6   | Offered knowledge of Iskenderun's Mystic Blast by Vehumet.
 24461 | Lair:6   | Learned a level 4 spell: Iskenderun's Mystic Blast
 24870 | Lair:6   | Found a burning altar of Makhleb.
 25013 | Lair:6   | Found a gateway to Hell.
 25542 | D:12     | Found a staircase to the Orcish Mines.
 26163 | Orc:1    | Entered Level 1 of the Orcish Mines
 26506 | Orc:1    | Found a runed translucent gate.
 26506 | Orc:1    | Found a runed translucent gate.
 26506 | Orc:1    | Found a runed translucent gate.
 26510 | Orc:1    | Noticed RepoMan's ghost (journeyman OpTm)
 26510 | Orc:1    | Identified the +11 plate armour "Byur Dei" {rElec rC- rN++
                  | rCorr SInv}
 26514 | Orc:1    | Found a roughly hewn altar of Beogh.
 26554 | Orc:1    | You fall into a shaft and drop 1 floor!
 26554 | Orc:2    | Entered Level 2 of the Orcish Mines
 26700 | Orc:2    | Offered knowledge of Ozocubu's Refrigeration by Vehumet.
 26701 | Orc:2    | Reached XP level 15. HP: 91/115 MP: 8/30
 27047 | Orc:2    | Found Idwulu's Antique Weapon Shoppe.
 27047 | Orc:2    | Found Othrof Sulyoc's Antique Armour Shoppe.
 27077 | Orc:2    | Found Roydymam's Assorted Antiques.
 27081 | Orc:2    | Found Haowyos's Weapon Emporium.
 27107 | Orc:2    | Noticed an orc warlord
 27118 | Orc:2    | Killed an orc warlord
 27318 | Orc:2    | Noticed an orc warlord
 27329 | Orc:2    | Killed an orc warlord
 27532 | Orc:2    | Found a staircase to the Elven Halls.
 28016 | D:13     | Offered knowledge of Lightning Bolt by Vehumet.
 28019 | D:13     | Reached skill level 10 in Fighting
 28019 | D:13     | Reached skill level 10 in Short Blades
 28019 | D:13     | Reached skill level 10 in Long Blades
 28019 | D:13     | Reached skill level 10 in Axes
 28019 | D:13     | Reached skill level 10 in Maces & Flails
 28019 | D:13     | Reached skill level 10 in Polearms
 28019 | D:13     | Reached skill level 10 in Staves
 28019 | D:13     | Reached skill level 10 in Slings
 28019 | D:13     | Reached skill level 10 in Bows
 28019 | D:13     | Reached skill level 10 in Crossbows
 28019 | D:13     | Reached skill level 10 in Throwing
 28019 | D:13     | Reached skill level 10 in Armour
 28019 | D:13     | Reached skill level 10 in Shields
 28019 | D:13     | Reached skill level 10 in Unarmed Combat
 28019 | D:13     | Reached skill level 10 in Evocations
 28031 | D:12     | Learned a level 6 spell: Iron Shot
 28698 | D:13     | Identified the Almanac of the Entourage and Changing
 29184 | D:13     | Found a transporter.
 29187 | D:13     | Noticed NoiZ's ghost (journeyman MiFi)
 29198 | D:13     | Found a transporter.
 29801 | D:13     | Got a flickering glass ring
 29803 | D:13     | Identified the cursed ring "Ceymiuh" {rC+ MP+9 Int-4} (You
                  | found it on level 13 of the Dungeon)
 30129 | D:14     | Noticed Agnes
 30141 | D:14     | Killed Agnes
 30240 | D:14     | Identified Roxanne's Catalogue of Clay
 30240 | D:14     | Noticed Roxanne
 30414 | D:14     | Found a gate to the Vaults.
 31576 | D:15     | Entered Level 15 of the Dungeon
 31644 | D:15     | Reached XP level 16. HP: 123/123 MP: 32/32
 31665 | D:15     | Found Vokefoegh's General Store.
 31675 | D:15     | Found a frozen archway.
 31684 | D:15     | Offered knowledge of Eringya's Noxious Bog by Vehumet.
 31696 | IceCv    | Entered an ice cave
 32578 | IceCv    | Got a dazzling great sword
 33125 | D:15     | Paralysed by an orc sorcerer for 4 turns
 34038 | D:15     | Found a staircase to the Depths.
 34405 | Shoals:1 | Entered Level 1 of the Shoals
 34594 | Shoals:1 | Offered knowledge of Lee's Rapid Deconstruction by Vehumet.
 34605 | Shoals:1 | Learned a level 5 spell: Lee's Rapid Deconstruction
 34770 | Shoals:1 | Reached skill level 11 in Armour
 34841 | Shoals:1 | Got an encrusted spear
 34844 | Shoals:1 | Identified the +7 spear "Akathimo" {flame, rC+ Will+ Int+2}
                  | (You found it on level 1 of the Shoals)
 35740 | Shoals:1 | Noticed a kraken
 35744 | Shoals:1 | Killed a kraken
 36481 | Shoals:2 | You fall into a shaft and drop 1 floor!
 36485 | Shoals:3 | Reached XP level 17. HP: 110/131 MP: 33/33
 36956 | Shoals:3 | Reached skill level 10 in Conjurations
 36956 | Shoals:3 | Reached skill level 10 in Summonings
 36956 | Shoals:3 | Reached skill level 10 in Translocations
 37346 | Shoals:3 | Noticed a kraken
 37352 | Shoals:3 | Killed a kraken
 37352 | Shoals:3 | Reached ****** piety under Vehumet
 37372 | Shoals:3 | Offered knowledge of Fireball by Vehumet.
 37774 | Shoals:3 | Found Fudotsuu's Armour Shop.
 38346 | Shoals:4 | Entered Level 4 of the Shoals
 38389 | Shoals:4 | Found a flickering gateway to a bazaar.
 38425 | Bazaar   | Entered a bazaar
 38431 | Bazaar   | Found Podumm's Jewellery Shop.
 38431 | Bazaar   | Found Onoimize's Book Boutique.
 38535 | Shoals:4 | Reached skill level 10 in Hexes
 38535 | Shoals:4 | Reached skill level 10 in Necromancy
 38535 | Shoals:4 | Reached skill level 10 in Transmutations
 38535 | Shoals:4 | Reached skill level 10 in Fire Magic
 38535 | Shoals:4 | Reached skill level 10 in Ice Magic
 38535 | Shoals:4 | Reached skill level 10 in Air Magic
 38535 | Shoals:4 | Reached skill level 10 in Earth Magic
 38535 | Shoals:4 | Reached skill level 10 in Poison Magic
 39304 | Shoals:4 | Identified the Papyrus of Clay
 39312 | Shoals:4 | Learned a level 5 spell: Fireball
 39429 | Shoals:4 | Noticed Bai Suzhen
 39671 | Shoals:4 | Learned a level 7 spell: Spellforged Servitor
 39859 | Shoals:4 | Offered knowledge of Starburst by Vehumet.
 39860 | Shoals:4 | Reached XP level 18. HP: 128/140 MP: 32/35
 40114 | Shoals:2 | Found Labler's Weapon Emporium.
 41208 | Shoals:4 | Reached skill level 12 in Armour
 41529 | Shoals:4 | Identified the Tome of Hexes and Companions
 41630 | Shoals:4 | Killed Bai Suzhen
 41823 | Shoals:4 | Got a barnacled rune of Zot
 41919 | Shoals:4 | Identified Tuibb's Compendium of Shifting Malediction
 42304 | D:14     | Killed Roxanne
 42548 | Orc:1    | Killed RepoMan's ghost
 42910 | Orc:1    | Got a wavering steel amulet
 42925 | Orc:1    | Identified the amulet "Yzehutem" {RegenMP rC- Will++ Dex+4}
                  | (You found it on level 1 of the Orcish Mines)
 43220 | Snake:1  | Entered Level 1 of the Snake Pit
 44419 | Snake:1  | Noticed Frances
 44426 | Snake:1  | Killed Frances
 45293 | Snake:2  | Offered knowledge of Fire Storm by Vehumet.
 45293 | Snake:2  | Offered knowledge of Shatter by Vehumet.
 45293 | Snake:2  | Offered knowledge of Ignition by Vehumet.
 46014 | Snake:3  | Noticed Aizul
 46030 | Snake:3  | Killed Aizul
 46899 | Snake:3  | Reached XP level 19. HP: 147/147 MP: 6/37
 47621 | Snake:3  | Found Lunawo's Jewellery Boutique.
 47627 | Snake:3  | Found Jodiunym's Assorted Antiques.
 48455 | Snake:4  | Entered Level 4 of the Snake Pit
 48818 | Snake:4  | Identified a scroll of acquirement
 51722 | Snake:4  | Reached skill level 13 in Armour
 52112 | Snake:4  | Found Retosius's Jewellery Shoppe.
 52719 | Snake:4  | Got a serpentine rune of Zot
 53141 | Depths:1 | Entered Level 1 of the Depths
 53422 | Depths:1 | Reached XP level 20. HP: 121/156 MP: 3/38
 55592 | Depths:1 | Reached skill level 15 in Spellcasting
 55890 | Depths:1 | You fall into a shaft and drop 1 floor!
 56830 | Depths:1 | Identified the ring "Qaz Tysa" {rC+ Str+3 Dex+4 SInv
                  | Stlth+}
 56831 | Depths:1 | Identified the +6 falchion "Plojy" {flame, rElec Str+5}
 56836 | Depths:1 | Reached XP level 21. HP: 145/164 MP: 36/40
 57096 | Depths:1 | Found a one-way gate to the infinite horrors of the Abyss.
 57127 | Depths:1 | Found a stormy altar of Qazlal.
 57367 | Depths:1 | Identified the +4 falchion of Peril {flame, +Blink rPois
                  | Dex-4}
 57706 | Depths:2 | Noticed Saint Roka
 57723 | Depths:2 | Killed Saint Roka
 58169 | Depths:2 | Found Nutarumm's Armour Shoppe.
 58206 | Depths:2 | Reached skill level 14 in Armour
 58271 | Depths:2 | Reached skill level 15 in Invocations
 60283 | Depths:3 | Identified the Handbook of the Butterfly
 60295 | Depths:3 | Found a corrupted altar of Lugonu.
 60297 | Depths:3 | Noticed an ancient lich
 60311 | Depths:3 | Found a one-way gate leading to the halls of Pandemonium.
 60437 | Depths:3 | Noticed Mennas
 60681 | Vaults:1 | Entered Level 1 of the Vaults
 60739 | Vaults:1 | Found a magical portal.
 60748 | WizLab   | Entered The Chambers of the Cloud Mage
 61754 | WizLab   | Identified the Incunabulum of Air
 61759 | WizLab   | Identified Gilaefi's Tome of Icy Curses
 61792 | WizLab   | Identified a +2 pair of boots of running (You found it in a
                  | wizard's laboratory)
 62072 | Vaults:1 | Reached XP level 22. HP: 172/172 MP: 41/41
 62989 | Vaults:1 | Reached skill level 15 in Armour
 62990 | Vaults:1 | Reached skill level 15 in Dodging
 63294 | Vaults:1 | Reached skill level 15 in Stealth
 63513 | Vaults:1 | Identified the Catalogue of the Dark Escort
 63550 | Vaults:1 | Noticed Donald
 63557 | Vaults:1 | Killed Donald
 63682 | Vaults:1 | Got a smoking rapier
 63683 | Vaults:1 | Identified the cursed +0 rapier of the Horn {freeze, rC+
                  | Str+4} (You found it on level 1 of the Vaults)
 63819 | Vaults:1 | Found Ydditum's Gadget Boutique.
 65064 | Vaults:2 | Noticed Mara
 65384 | Vaults:2 | Noticed Pelzball's illusion
 65652 | Elf:1    | Entered Level 1 of the Elven Halls
 65783 | Elf:1    | Learned a level 5 spell: Borgnjor's Vile Clutch
 66887 | Elf:1    | Reached XP level 23. HP: 180/180 MP: 29/43
 67110 | Elf:2    | Reached skill level 16 in Armour
 67140 | Elf:2    | Found a radiant altar of Vehumet.
 67283 | Elf:2    | Found a runed translucent gate.
 67283 | Elf:2    | Found a runed translucent gate.
 67285 | Elf:2    | Found a runed translucent gate.
 67306 | Elf:2    | Reached skill level 15 in Fighting
 67306 | Elf:2    | Reached skill level 15 in Short Blades
 67306 | Elf:2    | Reached skill level 15 in Long Blades
 67306 | Elf:2    | Reached skill level 15 in Axes
 67306 | Elf:2    | Reached skill level 15 in Maces & Flails
 67306 | Elf:2    | Reached skill level 15 in Polearms
 67306 | Elf:2    | Reached skill level 15 in Staves
 67306 | Elf:2    | Reached skill level 15 in Slings
 67306 | Elf:2    | Reached skill level 15 in Bows
 67306 | Elf:2    | Reached skill level 15 in Crossbows
 67306 | Elf:2    | Reached skill level 15 in Throwing
 67306 | Elf:2    | Reached skill level 15 in Shields
 67306 | Elf:2    | Reached skill level 15 in Unarmed Combat
 67306 | Elf:2    | Reached skill level 15 in Evocations
 67399 | Elf:2    | Found Hiegg's Book Emporium.
 68181 | Elf:3    | Entered Level 3 of the Elven Halls
 68187 | Elf:3    | Found Idwyfat's Magic Scroll Boutique.
 69677 | Elf:3    | Identified the +4 hand axe of Rumenk {pain, rN+}
 69677 | Elf:3    | Identified the amulet "Seothreja" {Spirit +Inv rC+}
 69792 | Elf:3    | Identified the ring of the Princess {Ice rPois Dex+4}
 69868 | Elf:3    | Identified the +0 lajatang "Isomut" {vorpal, Int+5}
 70558 | Elf:3    | Found the +8 arc blade {discharge, rElec}
 70563 | Elf:3    | Identified the Reference Book on Heat and Illusion
 70570 | Elf:3    | Got a fine bone ring
 70572 | Elf:3    | Identified the ring "Jessephe" {rN+ Int+3 Slay+3} (You
                  | found it on level 3 of the Elven Halls)
 71017 | D:14     | Learned a level 7 spell: Orb of Destruction
 71515 | Vaults:2 | Reached XP level 24. HP: 130/189 MP: 43/43
 71552 | Vaults:2 | Found Zelleo's Magic Scroll Shoppe.
 71724 | Vaults:2 | Found a glowing silver altar of Zin.
 71783 | Vaults:2 | Noticed Pelzball's illusion
 71784 | Vaults:2 | Killed Mara
 71785 | Vaults:2 | Reached skill level 17 in Armour
 71938 | Vaults:3 | Noticed Nikola
 72041 | Vaults:3 | Found Boriadel's Jewellery Shop.
 72124 | Vaults:3 | Noticed Margery
 72143 | Vaults:3 | Killed Margery
 72856 | Vaults:3 | Found a staircase to the Crypt.
 72856 | Vaults:3 | Found an ancient bone altar of Kikubaaqudgha.
 72856 | Vaults:3 | Found a basalt altar of Yredelemnul.
 73521 | D:13     | Killed NoiZ's ghost
 73541 | D:13     | Got a steaming copper ring
 73556 | D:13     | Identified the ring "Aviefop" {+Blink rN++ Int-5 Dex-5
                  | SInv} (You found it on level 13 of the Dungeon)
 73818 | Vaults:3 | Killed Nikola
 74068 | Vaults:4 | Found a flickering gateway to a bazaar.
 74093 | Bazaar   | Entered a bazaar
 74094 | Bazaar   | Found Emiofeor's Book Shoppe.
 74096 | Bazaar   | Found Bary's Book Boutique.
 74132 | Bazaar   | Found Acoxelad's Jewellery Emporium.
 74140 | Bazaar   | Found Tohah's Distillery.
 74338 | Vaults:4 | Found the amulet of the Air {Inacc +Fly rElec EV+5 RMsl}
 74362 | Vaults:4 | Learned a level 2 spell: Passwall
 75003 | Vaults:4 | Identified the +5 scimitar of the Extremely Mad {freeze,
                  | *Noise Will++ Str+6}
 75694 | Depths:3 | Killed an ancient lich
 75695 | Depths:3 | Reached XP level 25. HP: 150/197 MP: 15/44
 75910 | Depths:3 | Reached skill level 18 in Armour
 76042 | Depths:3 | Found a gateway to a ziggurat.
 76606 | Depths:3 | Noticed an ancient lich
 76726 | Depths:3 | Killed an ancient lich
 77112 | Depths:3 | Found a runed translucent door.
 77313 | Depths:3 | Got a clouded silver ring
 77314 | Depths:3 | Identified the ring of the Past {+Fly rPois rN+} (You found
                  | it on level 3 of the Depths)
 77349 | Depths:3 | Identified the Grimoire of a Billion Seers
 77695 | Depths:3 | Killed Mennas
 77930 | Depths:3 | Noticed Paofe's ghost (veteran GnFi)
 78108 | Depths:3 | Killed Paofe's ghost
 78895 | Depths:4 | Found a broken altar of Ashenzari.
 79779 | Depths:5 | Entered Level 5 of the Depths
 79962 | Depths:5 | Reached XP level 26. HP: 156/206 MP: 36/44
 80542 | Depths:5 | Reached skill level 19 in Armour
 81561 | Depths:5 | HP: 4/207 [golden dragon/bolt of cold (20)]
 82160 | Depths:5 | Found a gate to the Realm of Zot.
 82450 | Depths:5 | Found Nymniser's Jewellery Shoppe.
 82451 | Depths:5 | Found Pyfaisa's Gadget Shop.
 82451 | Depths:5 | Found Bubiosm's Gadget Shop.
 82860 | Crypt:1  | Entered Level 1 of the Crypt
 84120 | D:14     | Learned a level 8 spell: Ignition
 84872 | Vaults:5 | Entered Level 5 of the Vaults
 84884 | Vaults:5 | Noticed an ancient lich
 84888 | Vaults:5 | Killed an ancient lich
 84888 | Vaults:5 | Noticed Xtahua
 84889 | Vaults:5 | Reached skill level 15 in Conjurations
 84889 | Vaults:5 | Reached skill level 15 in Summonings
 84889 | Vaults:5 | Reached skill level 15 in Translocations
 84889 | Vaults:5 | Reached XP level 27. HP: 149/215 MP: 37/45
 85092 | Vaults:5 | Identified the +9 arbalest "Pasuoph" {flame, rN+ Dex+7}
 85094 | Vaults:5 | Reached skill level 20 in Armour
 85094 | Vaults:5 | Noticed an ancient lich
 85101 | Vaults:5 | Reached skill level 15 in Hexes
 85101 | Vaults:5 | Reached skill level 15 in Necromancy
 85101 | Vaults:5 | Reached skill level 15 in Transmutations
 85101 | Vaults:5 | Reached skill level 15 in Fire Magic
 85101 | Vaults:5 | Reached skill level 15 in Ice Magic
 85101 | Vaults:5 | Reached skill level 15 in Air Magic
 85101 | Vaults:5 | Reached skill level 15 in Earth Magic
 85101 | Vaults:5 | Reached skill level 15 in Poison Magic
 85104 | Vaults:4 | Killed an ancient lich
 85106 | Vaults:4 | Killed Xtahua
 86590 | Vaults:5 | Noticed an ancient lich
 86594 | Vaults:5 | Killed an ancient lich
 86808 | Vaults:5 | Identified the ring "Agoel" {Wiz +Fly} (You found it on
                  | level 5 of the Vaults)
 86937 | Vaults:5 | Got a silver rune of Zot
 87191 | Vaults:5 | Found Usaev's Antique Weapon Shoppe.
 87649 | D:14     | Acquired 849 gold pieces
 87655 | D:14     | Acquired 774 gold pieces
 87656 | D:14     | Acquired a Necronomicon
 87714 | Hell     | Entered the Vestibule of Hell
 87718 | Hell     | Noticed Geryon
 90035 | Crypt:2  | Reached skill level 21 in Armour
 90282 | Crypt:2  | Found a basalt altar of Yredelemnul.
 90868 | Crypt:2  | Noticed an ancient lich
 90874 | Crypt:2  | Killed an ancient lich
 91187 | Crypt:3  | Entered Level 3 of the Crypt
 91187 | Crypt:3  | Noticed Sojobo
 91202 | Crypt:2  | Killed Sojobo
 91855 | Crypt:3  | Found a staircase to the Tomb.
 91872 | Crypt:3  | Identified the ring "Rulunguo" {rN+ Int+3} (You found it on
                  | level 3 of the Crypt)
 91873 | Crypt:3  | Identified the ring "Make" {rPois rN+ Str+2 Int-2} (You
                  | found it on level 3 of the Crypt)
 92468 | Crypt:3  | Found an ancient bone altar of Kikubaaqudgha.
 92484 | Crypt:3  | Noticed an ancient lich
 92490 | Crypt:3  | Killed an ancient lich
 93379 | Hell     | Killed Geryon
 94161 | Hell     | Found a gateway to the decaying netherworld of Tartarus.
 94302 | Hell     | Found a gateway to the freezing wastes of Cocytus.
 94518 | Hell     | Found a gateway to the Iron City of Dis.
 94604 | Hell     | Found a gateway to the ashen valley of Gehenna.
 94964 | Depths:3 | Voluntarily entered the Abyss.
 95181 | Abyss:1  | Found a corrupted altar of Lugonu.
 95213 | Depths:3 | Escaped the Abyss
 95215 | Depths:3 | Voluntarily entered the Abyss.
 95454 | Abyss:2  | Got a spiked scale mail
 95471 | Abyss:2  | Identified the +2 scale mail "Bextuyr" {*Drain rPois Str+3}
                  | (You found it on level 2 of the Abyss)
 95608 | Abyss:2  | Reached skill level 22 in Armour
 95640 | Abyss:2  | Got a polished trident
 95641 | Abyss:2  | Identified the cursed +0 trident of the Absolute Madman
                  | {vorpal, rF++ rN+} (You found it on level 2 of the Abyss)
 95834 | Depths:3 | Escaped the Abyss
 95836 | Depths:3 | Voluntarily entered the Abyss.
 96328 | Depths:3 | Escaped the Abyss
 96384 | Depths:3 | Voluntarily entered the Abyss.
 97106 | Depths:3 | Escaped the Abyss
 97109 | Depths:3 | Voluntarily entered the Abyss.
 97109 | Abyss:1  | Found a corrupted altar of Lugonu.
 97115 | Abyss:1  | Found a corrupted altar of Lugonu.
 98039 | Abyss:3  | Found a corrupted altar of Lugonu.
 98751 | Depths:3 | Escaped the Abyss
 98979 | Depths:3 | Voluntarily entered the Abyss.
 99005 | Abyss:1  | Found a corrupted altar of Lugonu.
 99380 | Abyss:3  | Got an abyssal rune of Zot
 99395 | Depths:3 | Escaped the Abyss
 99564 | Zot:1    | Entered Level 1 of the Realm of Zot
 99564 | Zot:1    | Noticed an orb of fire
100048 | Tomb:1   | Entered Level 1 of the Tomb of the Ancients
100687 | Tomb:1   | Noticed a royal mummy
100872 | Tomb:1   | Noticed an ancient lich
100874 | Tomb:1   | Reached skill level 23 in Armour
100876 | Tomb:1   | Killed an ancient lich
100996 | Tomb:1   | Killed a royal mummy
101908 | Geh:1    | Entered Level 1 of Gehenna
102981 | Geh:2    | You fall into a shaft and drop 2 floors!
103413 | Hell     | Learned a level 6 spell: Ozocubu's Refrigeration
105692 | Geh:7    | Entered Level 7 of Gehenna
105976 | Geh:7    | Noticed an ancient lich
105990 | Geh:7    | Killed an ancient lich
106509 | Geh:7    | Identified the cursed +1 robe "Iwodah" {Will+ Regen+ Str+7}
106540 | Geh:7    | Reached skill level 24 in Armour
106886 | Geh:7    | Found the +7 sceptre of Asmodeus
106886 | Geh:7    | Noticed Asmodeus
107406 | Geh:7    | Identified the +2 ring mail of the Lotus Blossom {+Blink
                  | Will++ rCorr Dex-2} (You found it on level 7 of Gehenna)
107868 | Geh:7    | Killed Asmodeus
107984 | Geh:7    | Got an obsidian rune of Zot
108270 | D:14     | Learned a level 8 spell: Necromutation
108359 | Coc:1    | Entered Level 1 of Cocytus
110770 | Coc:7    | Entered Level 7 of Cocytus
111409 | Coc:7    | Identified the +0 scimitar of Anguish {freeze, rC- Str+2
                  | Int+4 Dex+3} (You found it on level 7 of Cocytus)
111993 | Coc:7    | Noticed Antaeus
112024 | Coc:7    | Killed from afar by Antaeus

Illustrated notes

Levels and vault maps discovered:
D:1:      dpeg_arrival_circle_labyrinth_c, layout_loops_ring,
          hangedman_abyss_or_decor_lesser_grid
D:2:      cheibrodos_fertilizer, layout_basic, uniq_jessica, uniq_natasha,
          uniq_terence, uniq_crazy_yiuf_cottage
D:3:      layout_basic, uniq_sigmund
D:4:      layout_basic, ebering_ghost_disaster_area, serial_shops,
          nicolae_shop_stone, nemelex_diamond_rough_becter
D:5:      layout_loops_ring, uniq_ijyb
D:6:      layout_cave_pools, minmay_temple_entry_mist, gammafunk_ghost_split,
          uniq_edmund
D:7:      layout_rooms, serial_shops, shop, basic_altar,
          guppyfry_early_elven_hall, uniq_duvessa
D:8:      layout_basic, minmay_overflow_temple_star_hex, serial_bayou,
          serial_bayou_ford_a, serial_bayou_pond_a, serial_bayou_pond_b
D:9:      layout_cave_pods, gammafunk_temple_overflow_forgotten
D:10:     layout_irregular_city, serial_shops,
          nicolae_shop_temple_entry_statues_fountains
D:11:     layout_rooms, dpeg_oklobed_lair, chequers_serial_rivers_micro_b,
          uniq_josephine, uniq_erolcha, uniq_fannar
D:12:     layout_small_grid, erik_orc_3
D:13:     minmay_ambush_box, layout_long_grid, gammafunk_ghost_berserking_beasts
D:14:     layout_grid_maze, lightli_vaults_fourway_checkpoint, chequers_avenue,
          chequers_serial_rivers_micro_e, uniq_roxanne, uniq_agnes
D:15:     hangedman_depths_entry_civil_slaughter, layout_irregular_city,
          serial_shops, nicolae_shop_window_shopping,
          portal_ice_cave_entry_imps, minivault_27, drop_trap
Temple:   zaba_magenta_temple
Lair:1:   layout_chaotic_city, grunt_megastairs_1, serial_bayou_shore_a,
          lemuel_fruit_tree
Lair:2:   layout_regular_city, elwin_shoals_entry_stream
Lair:3:   layout_cave_shapes, guppyfry_snake_entry_island,
          minmay_lair_oklob_chamber, uniq_sonja
Lair:4:   layout_small_grid, uniq_kirke
Lair:5:   layout_small_grid, slime_altar_2
Lair:6:   evil_forest, layout_gridlike, hangedman_lair_unloving_vines,
          bobbens_dragon_lair_wall
Shoals:1: layout_shoals, hangedman_shoals_cup_caves
Shoals:2: layout_shoals, serial_shops, shop_fountains,
          nicolae_shoals_stone_sculpture_thing
Shoals:3: layout_shoals, serial_shops, shop,
          nicolae_shoals_siren_and_animal_friends
Shoals:4: shoals_end_simple, layout_shoals, serial_shops, bzr_entry_safe,
          uniq_bai_suzhen
Snake:1:  kennysheep_six_static_rooms, layout_misc_corridors, uniq_frances
Snake:2:  layout_rooms, st_stairs_8
Snake:3:  layout_layer_cave, minmay_shoptagon, uniq_aizul
Snake:4:  johnstein_snake_rune_scales, layout_onion, serial_shops, shop,
          grunt_megastairs_5
Orc:1:    layout_caves, biasface_ghost_orc_armoury
Orc:2:    st_orc_mages, layout_caves
Elf:1:    minmay_elf_arrival_plus, layout_geoelf_diagonals, evilmike_minifort
Elf:2:    layout_geoelf_diagonals, serial_shops,
          nicolae_shop_temple_entry_statues_fountains, amcnicky_altar_gilded
Elf:3:    nooodl_elf_gasket, layout_gridlike, serial_shops, shop_statue
Vaults:1: st_greater_box_2, vaults_dpeg_cross,
          nicolae_vaults_windows_and_doors_thing, vaults_room_fancy_cross,
          grunt_vaults_focal, nicolae_vaults_asterisk, layout_vaults_omnicross,
          mu_enter_wizlab_7, serial_shops, shop, uniq_donald
Vaults:2: hangedman_vaults_stagger, vaults_mumra_hex,
          nicolae_vaults_border_crossing, v_alt_pattern_1, vaults_dpeg_doors,
          ontoclasm_vaults_bender, nicolae_vaults_little_squares_4,
          layout_vaults_omnigrid, serial_shops, shop, basic_altar, uniq_mara
Vaults:3: nicolae_vaults_shelves_hall, vaults_standard_mumra_lines,
          vaults_room_hallway, grunt_vaults_hallway_long,
          minmay_crypt_entry_necro_gods, hangedman_vaults_impose, v_misc_25,
          nicolae_vaults_asterisk, grunt_vaults_funnel,
          layout_vaults_maze_snakey, serial_shops, shop_statue, uniq_margery,
          uniq_nikola
Vaults:4: hangedman_vaults_capsules, nicolae_vaults_little_squares_4,
          v_pattern_3, nicolae_vaults_good_morning_starshine,
          ontoclasm_vaults_ring_large, nicolae_vaults_sealed_display,
          vaults_room_fours, hangedman_vaults_slice, v_misc_26,
          vaults_room_semicircle, nicolae_vaults_little_squares_4,
          layout_vaults_omnibox, serial_shops, bzr_in_the_mist
Vaults:5: uniq_xtahua
Crypt:1:  layout_basic, grunt_ministairs_14, roderic_lattice_octagonal_star
Crypt:2:  layout_rooms, lemuel_dead_fish_pool, nicolae_crypt_small_crypt,
          nicolae_crypt_niches, chequers_big_river, corexii_hall_statues_l,
          minmay_strange_pillars, weyrava_vampire_temple
Crypt:3:  cryptofortress_bobbens, uniq_sojobo
Tomb:1
Depths:1: grunt_crosshair, layout_gridlike, hell_entry,
          marbit_kobold_abyss_entry, lemuel_crystal_altar,
          hangedman_decor_riveting, nrook_uturn, minmay_hollow_rounded_squares
Depths:2: minmay_inside_and_out, layout_gridlike, hell_entry,
          minmay_misc_feat_hallway, serial_shops, kennysheep_little_box,
          uniq_saint_roka
Depths:3: minmay_the_grid_square_5x5_5x5
          [minmay_the_grid_square_5x5_broken_cross,
          minmay_the_grid_square_5x5_gyroscope,
          minmay_the_grid_square_5x5_fat_x,
          minmay_the_grid_square_5x5_bracketed,
          minmay_the_grid_square_5x5_hollow_slash,
          minmay_the_grid_square_5x5_bite,
          minmay_the_grid_square_5x5_prize_snowflake,
          minmay_the_grid_square_5x5_shrine2,
          minmay_the_grid_square_5x5_prize_pseudospiral,
          minmay_the_grid_square_5x5_minimal,
          minmay_the_grid_square_5x5_inner_i,
          minmay_the_grid_square_5x5_inverted_slash,
          minmay_the_grid_square_5x5_prize_open, minmay_the_grid_square_5x5_two,
          minmay_the_grid_square_5x5_tetrominoes,
          minmay_the_grid_square_5x5_shrine1,
          minmay_the_grid_square_5x5_prize_monsterx,
          minmay_the_grid_square_5x5_beaten_path,
          minmay_the_grid_square_5x5_prize_rear_guard,
          minmay_the_grid_square_5x5_doubleslash, minmay_the_grid_square_5x5_v,
          minmay_the_grid_square_5x5_minibox, minmay_the_grid_square_5x5_tie,
          minmay_the_grid_square_5x5_lines, minmay_the_grid_square_5x5_eight],
          layout_cave_pools, enter_ziggurat_f, special_room
          [special_room_morgue], ebering_ghost_reflecting_pool,
          rand_demon_pan_entry_5, pf_vacation_house_of_asmodeus,
          abyss_entry_flame_altar, infiniplex_staircase_zigzag_4, uniq_mennas
Depths:4: kennysheep_ambush_hall, layout_basic, pf_hell_entry_tar_river,
          hangedman_abyss_entry_splay, lemuel_crystal_altar, firewood_loft,
          minmay_staircase_bubble
Depths:5: evilmike_zot_entry_basic, layout_basic, hell_entry,
          minmay_misc_feat_pillars, grunt_megastairs_3, minmay_shop_grove
Hell
Geh:1:    layout_gehenna_pools_triple
Geh:2:    layout_gehenna_pools_triple
Geh:3:    layout_gehenna_lava_caves, lemuel_hellish_altar
Geh:4:    layout_gehenna_pools_basic, lemuel_elevator
Geh:5:    layout_gehenna_pools_triple
Geh:6:    layout_gehenna_lava_caves
Geh:7:    evilmike_geh
Coc:1:    layout_ice_bergs
Coc:2:    layout_cocytus_water_paths
Coc:3:    layout_cocytus_water_paths
Coc:4:    grunt_deathspiral_small, layout_cocytus_water_paths
Coc:5:    layout_ice_bergs
Coc:6:    layout_cocytus_water_paths
Coc:7:    coc_grunt
Zot:1:    layout_onion_interference

Skill      XL: |  1  2  3  4  5  6  7  8  9 10 11 12 13 14 15 16 17 18 19 20 21 22 23 24 25 26 27 |
---------------+----------------------------------------------------------------------------------+-----
Conjurations   | 2 3 4 5 6 7 8 9 10 11 12 13 14 15 18 | 18.3
Summonings     | 2 3 4 5 6 7 8 9 10 11 12 13 14 15 18 | 18.3
Translocations | 2 3 4 5 6 7 8 9 10 11 12 13 14 15 18 | 18.3
Invocations    | 1 2 3 4 5 6 7 8 9 10 11 12 13 14 15 16 17 18 22 | 22.5
Fighting       | 1 2 3 4 5 6 7 8 9 10 11 12 13 14 15 16 17 21 | 21.0
Short Blades   | 1 2 3 4 5 6 7 8 9 10 11 12 13 14 15 16 17 21 | 21.0
Long Blades    | 1 2 3 4 5 6 7 8 9 10 11 12 13 14 15 16 17 23 | 23.6
Axes           | 1 2 3 4 5 6 7 8 9 10 11 12 13 14 15 16 17 21 | 21.0
Maces & Flails | 1 2 3 4 5 6 7 8 9 10 11 12 13 14 15 16 17 21 | 21.0
Polearms       | 1 2 3 4 5 6 7 8 9 10 11 12 13 14 15 16 17 21 | 21.0
Staves         | 1 2 3 4 5 6 7 8 9 10 11 12 13 14 15 16 17 21 | 21.0
Slings         | 1 2 3 4 5 6 7 8 9 10 11 12 13 14 15 16 17 21 | 21.0
Bows           | 1 2 3 4 5 6 7 8 9 10 11 12 13 14 15 16 17 21 | 21.0
Crossbows      | 1 2 3 4 5 6 7 8 9 10 11 12 13 14 15 16 17 21 | 21.0
Throwing       | 1 2 3 4 5 6 7 8 9 10 11 12 13 14 15 16 17 21 | 21.0
Armour         | 1 2 3 4 5 6 7 8 9 10 11 12 13 14 15 16 17 18 19 24 | 24.8
Shields        | 1 2 3 4 5 6 7 8 9 10 11 12 13 14 15 16 17 21 | 21.0
Unarmed Combat | 1 2 3 4 5 6 7 8 9 10 11 12 13 14 15 16 17 21 | 21.0
Evocations     | 1 2 3 4 5 6 7 8 9 10 11 12 13 14 15 16 17 21 | 21.0
Hexes          | 1 2 3 4 5 6 7 8 9 10 11 12 13 14 18 | 18.2
Necromancy     | 1 2 3 4 5 6 7 8 9 10 11 12 13 14 18 | 18.2
Transmutations | 1 2 3 4 5 6 7 8 9 10 11 12 13 14 18 | 18.2
Fire Magic     | 1 2 3 4 5 6 7 8 9 10 11 12 13 14 18 | 18.2
Ice Magic      | 1 2 3 4 5 6 7 8 9 10 11 12 13 14 18 | 18.2
Air Magic      | 1 2 3 4 5 6 7 8 9 10 11 12 13 14 18 | 18.2
Earth Magic    | 1 2 3 4 5 6 7 8 9 10 11 12 13 14 18 | 18.2
Poison Magic   | 1 2 3 4 5 6 7 8 9 10 11 12 13 14 18 | 18.2
Dodging        | 5 6 7 8 9 10 11 12 13 14 15 16 17 21 | 21.3
Stealth        | 5 6 7 8 9 10 11 12 13 14 15 16 17 21 | 21.2
Spellcasting   | 8 9 10 11 12 13 14 15 16 17 18 21 | 21.7

Action                   |  1- 3 |  4- 6 |  7- 9 | 10-12 | 13-15 | 16-18 | 19-21 | 22-24 | 25-27 || total
-------------------------+-------+-------+-------+-------+-------+-------+-------+-------+-------++-------
Melee: Dagger            |    34 |   210 |   579 |   874 |   923 |   279 |       |       |       ||  2899
       Bite              |     3 |    24 |    81 |   106 |   142 |    53 |    94 |   108 |   848 ||  1459
       Spear             |       |       |       |       |       |   272 |   535 |   600 |  1917 ||  3324
       Falchion          |       |       |       |       |       |       |       |    59 |   138 ||   197
       Trident           |       |       |       |       |       |       |       |       |  1855 ||  1855
Throw: Dart              |       |       |     5 |    11 |    13 |     2 |     4 |       |       ||    35
       Javelin           |       |       |       |       |       |       |     1 |       |       ||     1
 Cast: Magic Dart        |    25 |   135 |   186 |   177 |    77 |       |       |       |       ||   600
       Blink             |       |     2 |     9 |     4 |    15 |     4 |     3 |     5 |    21 ||    63
       Mephitic Cloud    |       |     4 |    22 |    26 |    39 |     9 |     1 |     6 |     2 ||   109
       Olgreb's Toxic Ra |       |       |       |    45 |    92 |    62 |    19 |    79 |    18 ||   315
       Ignite Poison     |       |       |       |    21 |    55 |    55 |    14 |    69 |    13 ||   227
       Summon Lightning  |       |       |       |    17 |    30 |     2 |       |       |     3 ||    52
       Iskenderun's Myst |       |       |       |       |     6 |    34 |    40 |     7 |    82 ||   169
       Iron Shot         |       |       |       |       |    41 |   326 |   400 |   273 |   935 ||  1975
       Fireball          |       |       |       |       |       |    35 |    60 |    57 |    22 ||   174
       Lee's Rapid Decon |       |       |       |       |       |    15 |    81 |    61 |   381 ||   538
       Spellforged Servi |       |       |       |       |       |     3 |       |     1 |     9 ||    13
       Orb of Destructio |       |       |       |       |       |       |       |     7 |   146 ||   153
       Borgnjor's Vile C |       |       |       |       |       |       |       |     6 |    44 ||    50
       Passwall          |       |       |       |       |       |       |       |     2 |       ||     2
       Ignition          |       |       |       |       |       |       |       |       |    87 ||    87
       Ozocubu's Refrige |       |       |       |       |       |       |       |       |    96 ||    96
       Necromutation     |       |       |       |       |       |       |       |       |    32 ||    32
Evoke: Wand              |       |       |       |     2 |     1 |     4 |    17 |     2 |     9 ||    35
       Phantom mirror    |       |       |       |     1 |     1 |     1 |       |     1 |     2 ||     6
       Box of beasts     |       |       |       |       |     1 |       |     1 |     2 |     3 ||     7
       Phial of floods   |       |       |       |       |       |       |       |     1 |     4 ||     5
       Condenser vane    |       |       |       |       |       |       |       |       |     4 ||     4
       Tin of tremorston |       |       |       |       |       |       |       |       |     3 ||     3
       Horn of Geryon    |       |       |       |       |       |       |       |       |     1 ||     1
  Use: Scroll            |       |       |    14 |    11 |    11 |     3 |     6 |     3 |    28 ||    76
       Potion            |       |       |       |     1 |     2 |     5 |     1 |     1 |     3 ||    13
 Stab: Sleeping          |     5 |     1 |     6 |     6 |    17 |     1 |     5 |    18 |    36 ||    95
       Distracted        |     1 |       |       |       |     6 |     1 |     2 |     1 |    31 ||    42
       Confused          |       |     3 |    14 |     6 |    10 |       |       |       |       ||    33
       Paralysed         |       |       |       |       |       |       |       |       |     1 ||     1
Armor: Robe              |     3 |     3 |    27 |     5 |       |       |       |       |   145 ||   183
       Leather armour    |       |       |       |    43 |     7 |       |       |       |       ||    50
       Steam dragon scal |       |       |       |       |   116 |   103 |    45 |    46 |   118 ||   428
       Scale mail        |       |       |       |       |       |       |       |       |   173 ||   173
Dodge: Dodged            |    20 |    62 |   181 |   197 |   370 |   430 |   256 |   205 |  1731 ||  3452
       Repelled          |       |       |       |       |       |     6 |    23 |     5 |       ||    34
Block: Buckler           |    16 |    51 |   158 |   220 |   350 |   320 |    98 |       |       ||  1213
       Reflection        |       |       |     2 |     2 |    13 |    44 |    41 |       |       ||   102
       Kite shield       |       |       |       |       |       |       |   152 |   243 |  2063 ||  2458
       Rpst.: Falchion   |       |       |       |       |       |       |       |     2 |    14 ||    16
